 Dungeon Crawl Stone Soup version 0.31.0-10-gcf4a605ca0 (webtiles) character file.

Game seed: 7397935724608196078

51 Sobieck the Shooter (level 3, -5/21 HPs)
             Began as a Tengu Hunter on Jan 25, 2024.
             Was a Follower of Qazlal.
             Slain by Sigmund
             ... wielding a +5 scythe of freezing
              (10 damage)
             ... on level 1 of the Dungeon.
             The game lasted 00:02:47 (1650 turns).

Sobieck the Shooter (Tengu Hunter)                  Turns: 1650, Time: 00:02:48

Health: -5/21      AC:  3    Str: 11    XL:     3   Next: 81%
Magic:  0/13       EV: 12    Int:  9    God:    Qazlal [*.....]
Gold:   57         SH:  0    Dex: 19    Spells: 2/2 levels left

rFire   . . .        a - +0 shortbow
rCold   . . .        (shield currently unavailable)
rNeg    . . .        c - +0 leather armour
rPois   .            (helmet restricted)
rElec   .            (no cloak)
rCorr   .            (no gloves)
SInv    .            (boots unavailable)
Will    .....        i - amulet of guardian spirit
Stlth   +            j - ring of magical power
HPRegen 0.23/turn    (no ring)
MPRegen 0.13/turn

%: acrobat, guardian spirit
@: confused, attractive
A: beak, talons 3, acrobatic, sense surroundings 1, persistent drain
a: Renounce Religion


You were on level 1 of the Dungeon.
You worshipped Qazlal.
Qazlal was aware of your devotion.
You visited 1 branch of the dungeon, and saw 2 of its levels.

You collected 57 gold pieces.

Inventory:

Hand Weapons
 a - a +0 shortbow (weapon)
Armour
 c - a +0 leather armour (worn)
Jewellery
 d - a ring of ice
 i - an amulet of guardian spirit (around neck)
 j - a ring of magical power (left hand)
Scrolls
 b - a scroll of blinking {unknown}
 e - 2 scrolls of immolation {unknown}
 f - 2 scrolls of identify {unknown}
Potions
 g - a potion of mutation
 h - a potion of attraction


   Skills:
 - Level 2.0 Fighting
 + Level 5.9 Ranged Weapons
 - Level 2.1 Dodging
 - Level 1.0 Stealth


You had 2 spell levels left.
You didn't know any spells.
Your spell library was empty.

Dungeon Overview and Level Annotations

Branches:
Dungeon (2/15)

Altars:
Qazlal

Annotations:
D:2 Sigmund


Innate Abilities, Weirdness & Mutations

You have a beak for a mouth.
You have claws for feet.
You can magically evade attacks while moving or waiting.
You passively map a small area around you.
Your health recovers twice as slowly from being drained.


Message History

Unknown command.
It was a potion of attraction.
You feel attractive to monsters. Something is attracted toward you.
It was a potion of curing.
You feel better. Something hits you! Something freezes you.
Unknown command.
Unknown command.
Something misses you. Something is attracted toward you.
Something is attracted toward you. Something hits you. Something freezes you.
Something is attracted toward you. Something hits you. Something freezes you.
Something is attracted toward you.
You see here a +0 dagger.
Something is attracted toward you. Something misses you.
Something is attracted toward you.
You hear some strange, mumbled words.
A puff of flame appears from out of thin air!
The puff of flame hits you. Something is attracted toward you.
Something closely misses you. Something is attracted toward you.
Unknown command.
Something is attracted toward you. Something barely misses you.
Something is attracted toward you. Something hits you. Something freezes you.
Something is attracted toward you.
Danger!
Something is attracted toward you. Something closely misses you.
Something is attracted toward you. Something barely misses you.
Something is attracted toward you.
There is a stone staircase leading up here.
Unknown command.
Unknown command.
You climb upwards.
Reactivating autopickup.
There is a stone staircase leading down here.
Unknown command.
Unknown command.
Unknown command.
Okay, then.
Unknown command.
You shoot an arrow. Something hits you!
* * * LOW HITPOINT WARNING * * *
Something freezes you.
Deactivating autopickup; reactivate with Ctrl-A.
You shoot an arrow. Something barely misses you.
Unknown command.
You shoot an arrow.
You hear some strange, mumbled words.
You are confused.
You clumsily bash something but do no damage.
Something hits you!
You die...

.###.####.#...###...............#
..............###....#####.......
........................##......#
''''..###........................
''''.......#..........#.##.......
'_''.........##..#....#.##.......
''''..###....##..#.).........#.##
''''.........##.÷#..###.##...#.##
.............##.@#...............
................{.......##...#.##
####.........##.##...............
.....................#......#####
#####...##..............#####....
......................###........
###.##..###.........###...⌠......
###.##..# #..##.....##........⌠..
##......# #..##...#.#............


There were no monsters in sight!

Vanquished Creatures
  A dart slug (D:1)
  2 endoplasms
  2 giant cockroaches
  5 goblins
  2 hobgoblins
  7 jackals (D:1)
  3 kobolds
  A quokka (D:2)
  6 ball pythons
  4 bats
  A frilled lizard (D:2)
  11 rats
45 creatures vanquished.

Notes
Turn   | Place    | Note
-------+----------+-------------------------------------------
     0 | D:1      | Sobieck the Tengu Hunter began the quest for the Orb.
     0 | D:1      | Reached XP level 1. HP: 12/12 MP: 2/2
   115 | D:1      | Reached XP level 2. HP: 17/17 MP: 3/3
   132 | D:1      | Reached skill level 5 in Ranged Weapons
   227 | D:1      | Reached XP level 3. HP: 20/21 MP: 4/4
   905 | D:1      | Found a faded altar of an unknown god.
   938 | D:1      | Prayed at the altar of an unknown god.
   938 | D:1      | Became a worshipper of Qazlal Stormbringer
   938 | D:1      | Reached * piety under Qazlal
  1016 | D:2      | Noticed Sigmund
  1628 | D:2      | Gained mutation: Your health recovers twice as slowly from
                  | being drained. [potion of mutation]
  1628 | D:2      | Gained mutation: You passively map a small area around you.
                  | [potion of mutation]
  1650 | D:1      | Slain by Sigmund

Illustrated notes

Levels and vault maps discovered:
D:1:      dpeg_arrival_water_temple_mockup, layout_basic,
          hellmonk_ecumenical_altar_heavens_door, minivault_5
D:2:      layout_rooms, uniq_sigmund

Skill      XL: |  1  2 |
---------------+-------+-----
Ranged Weapons | 5 |  5.9
Fighting       | |  2.0
Dodging        | |  2.1
Stealth        | |  1.0

Action                     || total
---------------------------++-------
  Melee: Shortbow          ||     1
   Fire: Shortbow          ||   109
    Use: Potion            ||     3
         Scroll            ||     1
 Armour: Leather armour    ||    31
  Dodge: Dodged            ||    54
  Block: Other             ||     1
